 Dungeon Crawl Stone Soup version 0.23.2-40-g277498a (webtiles) character file.

Game seed: 15286627958555963556

1005 Aphrodieselac the Spear-Bearer (level 8, -1/56 HPs)
             Began as a Merfolk Skald on Aug 28, 2019.
             Shot with an arrow by a centaur (3 damage)
             ... on level 6 of the Dungeon.
             The game lasted 00:29:08 (5731 turns).

Aphrodieselac the Spear-Bearer (Merfolk Skald)      Turns: 5731, Time: 00:29:08

Health: -1/56      AC:  4    Str: 12    XL:     8   Next: 20%
Magic:  8/11       EV: 12    Int: 14    God:
Gold:   398        SH:  0    Dex: 13    Spells: 3/11 levels left

rFire    . . .     SeeInvis .   a - +0 spear
rCold    . . .     Gourm    .   (no shield)
rNeg     . . .     Faith    .   p - +1 leather armour
rPois    .         Spirit   .   (no helmet)
rElec    .         Reflect  .   e - scarf {cloud immunity}
rCorr    .         Harm     .   (no gloves)
MR       .....                  (no boots)
Stlth    +++.......             t - amulet of magic regeneration
HPRegen  0.18/turn              g - ring of wizardry
MPRegen  0.37/turn              m - ring of stealth

@: shrouded, infused
A: change form in water, swift swim, stealthy swim
a: no special abilities


You were on level 6 of the Dungeon.
You were very hungry.

You visited 1 branch of the dungeon, and saw 6 of its levels.

You collected 398 gold pieces.

Inventory:

Hand Weapons
 a - a +0 spear (weapon)
 b - a +0 hunting sling
Missiles
 c - a throwing net (quivered)
 s - 17 sling bullets
 y - 4 tomahawks
Armour
 e - a scarf of cloud immunity (worn)
 p - a +1 leather armour (worn)
Jewellery
 g - a ring of wizardry (left hand)
 m - a ring of stealth (right hand)
 t - an amulet of magic regeneration (around neck)
Wands
 h - a wand of flame (14)
 n - a wand of scattershot (4)
Scrolls
 i - 5 scrolls of identify
 o - 2 scrolls of remove curse
 q - 4 scrolls of immolation {unknown}
 v - 2 scrolls of teleportation
 w - a scroll of magic mapping {unknown}
 z - a scroll of blinking {unknown}
Potions
 f - 2 potions of might
 j - 2 potions of agility {unknown}
 k - 2 potions of brilliance
 l - 2 potions of cancellation
 r - a potion of ambrosia
 u - 2 potions of lignification
 x - a potion of flight {unknown}
 A - a potion of curing
Comestibles
 d - 9 rations


   Skills:
 - Level 2.1 Fighting
 + Level 9.9 Polearms
 - Level 0.4 Slings
 - Level 0.6 Armour
 - Level 2.6 Dodging
 - Level 1.8 Stealth
 - Level 2.0 Spellcasting
 * Level 7.2 Charms
 - Level 1.1 Translocations


You had 3 spell levels left.
You knew the following spells:

 Your Spells              Type           Power        Failure   Level  Hunger
a - Infusion              Chrm           ###.         1%          1    ##.....
b - Song of Slaying       Chrm           ###.....     1%          2    ###....
c - Shroud of Golubria    Chrm/Tloc      ##........   3%          2    ###....
d - Spectral Weapon       Hex/Chrm       ##......     9%          3    ####...

Your spell library contained the following spells:

 Spells                   Type           Power        Failure   Level  Hunger
 Regeneration             Chrm/Necr      ##........   9%          3    ####...
 Magic Dart               Conj           #...         12%         1    ##.....
 Blink                    Tloc           N/A          12%         2    ###....
 Call Imp                 Summ           #.......     17%         2    ###....
 Slow                     Hex            #.......     17%         2    ###....
 Conjure Flame            Conj/Fire      #.......     32%         3    ####...
 Mephitic Cloud           Conj/Pois/Air  #.......     32%         3    ####...


Dungeon Overview and Level Annotations

Branches:
Dungeon (6/15)
 Temple: D:4-7

Altars:
Dithmenos
Fedhas
Gozag
Sif Muna
Vehumet
Wu Jian
Xom
Zin
The Shining One

Annotations:
D:5 Pikel
D:6 Grinder


Message History

You see here 2 arrows.
The centaur shoots an arrow.
The arrow hits you.
* * * LOW HITPOINT WARNING * * *
The arrow burns you.
* * * LOW HITPOINT WARNING * * *
The centaur shoots an arrow.
The arrow hits you.
* * * LOW HITPOINT WARNING * * *
The arrow burns you.
* * * LOW HITPOINT WARNING * * *
You see here 2 arrows.
Casting: Infusion (safe; 1% risk of failure)
Confirm with . or Enter, or press ? or * to list all spells.
Space distorts slightly along a thin shroud covering your body.
Attack whom?
Press: ? - help, Dir - move target cursor, f - centaur
Aim: a centaur, wielding a +0 shortbow of flaming You reach to attack!
You hit the centaur.
The centaur is lightly wounded.
The centaur shoots an arrow.
The arrow hits you.
You die...

............####....
...#.5.....# #....
#..#.......# #....
##.##.......# #....
##############..##.......#
#....
#........#.....###.(.....#
###.. #..........#####
#.......## ##.
#..<.....#########c#####..#
#. ####..#.........@(.#
##.### #.
###..#..#####......#
#...####. #...#..##
#......# ###...#.. #.....##
#......#########.....
#..####
#.................... ####
####.......#######.#####
##......(....# ##.# #.)
##..##........#####..# #<.
##..###...>.....##...## #..


You could see a centaur.

Vanquished Creatures
  A black bear (D:5)
  A phantom (D:4)
  2 slaves (D:4)
  A sky beast (D:5)
  A centaur (D:5)
  A bullfrog (D:6)
  A scorpion (D:3)
  A wight (D:6)
  2 jellies (D:5)
  2 hounds (D:5)
  2 bullfrog skeletons
  An iguana (D:6)
  2 orc wizards
  3 worker ants
  6 adders
  A shadow imp (D:3)
  2 adder skeletons
  A worm (D:2)
  2 dart slugs
  4 leopard geckos
  16 orcs
  5 giant cockroaches
  8 goblins
  5 hobgoblins
  3 jackals (D:1)
  3 quokkas
  3 ball pythons
  13 bats
  6 frilled lizards
  4 kobolds
  A quokka zombie (D:3)
  7 rats
  2 toadstools (D:3)
113 creatures vanquished.

Vanquished Creatures (others)
  3 toadstools (D:3)
3 creatures vanquished.

Grand Total: 116 creatures vanquished

Notes
Turn   | Place    | Note
-------+----------+-------------------------------------------
     0 | D:1      | Aphrodieselac the Merfolk Skald began the quest for the
                  | Orb.
     0 | D:1      | Reached XP level 1. HP: 16/16 MP: 3/3
   356 | D:1      | Reached XP level 2. HP: 22/22 MP: 5/5
   858 | D:1      | Reached XP level 3. HP: 27/27 MP: 1/6
  1179 | D:2      | Found a shimmering altar of Xom.
  1425 | D:2      | Found an ornate altar of the Wu Jian Council.
  1489 | D:2      | Reached skill level 4 in Polearms
  1683 | D:2      | Found a blossoming altar of Fedhas.
  1818 | D:3      | Reached XP level 4. HP: 29/33 MP: 2/7
  1825 | D:3      | Learned a level 2 spell: Song of Slaying
  1828 | D:3      | Learned a level 2 spell: Shroud of Golubria
  2201 | D:3      | Reached skill level 5 in Polearms
  2469 | D:3      | Found a shadowy altar of Dithmenos.
  2677 | D:3      | Reached skill level 5 in Charms
  2677 | D:3      | Reached XP level 5. HP: 33/38 MP: 3/8
  2829 | D:3      | Reached skill level 6 in Polearms
  2949 | D:4      | Reached XP level 6. HP: 25/44 MP: 9/9
  3057 | D:4      | Noticed a phantom
  3133 | D:4      | Found a deep blue altar of Sif Muna.
  3133 | D:4      | Found an opulent altar of Gozag.
  3139 | D:4      | Found a faded altar of an unknown god.
  3143 | D:4      | Found a faded altar of an unknown god.
  3144 | D:4      | Found a radiant altar of Vehumet.
  3258 | D:4      | Reached skill level 1 in Stealth
  3331 | D:4      | Found a glowing golden altar of the Shining One.
  3342 | D:4      | Reached skill level 7 in Polearms
  3634 | D:4      | Killed a phantom
  3662 | D:5      | Entered Level 5 of the Dungeon
  3690 | D:5      | Noticed a slave
  3690 | D:5      | Noticed a slave
  3721 | D:4      | Killed a slave
  3723 | D:5      | Noticed Pikel
  4096 | D:4      | Killed a slave
  4175 | D:5      | Reached skill level 8 in Polearms
  4175 | D:5      | Reached XP level 7. HP: 26/50 MP: 1/10
  4679 | D:5      | Reached skill level 9 in Polearms
  4690 | D:5      | Reached skill level 1 in Translocations
  4901 | D:6      | Reached XP level 8. HP: 50/56 MP: 11/11
  4982 | D:6      | Learned a level 3 spell: Spectral Weapon
  5537 | D:6      | Noticed Grinder
  5578 | D:6      | Found a glowing silver altar of Zin.
  5729 | D:6      | HP: 2/56 [centaur/arrow (1)]
  5731 | D:6      | Shot with an arrow by a centaur

Skill      XL: |  1  2  3  4  5  6  7  8 |
---------------+-------------------------+-----
Charms         | 4 5 6 7 |  7.2
Polearms       | 4 5 6 8 9 |  9.9
Stealth        | 1 |  1.8
Translocations | 1 |  1.1
Fighting       | |  2.1
Slings         | |  0.4
Armour         | |  0.6
Dodging        | |  2.6
Spellcasting   | |  2.0

Action                   |  1- 3 |  4- 6 |  7- 9 || total
-------------------------+-------+-------+-------++-------
Melee: Spear             |   192 |   215 |   163 ||   570
 Fire: Hunting sling     |       |       |     4 ||     4
 Cast: Infusion          |     8 |    12 |     9 ||    29
       Shroud of Golubri |       |     9 |     9 ||    18
       Song of Slaying   |       |       |     2 ||     2
  Use: Scroll            |       |     9 |     3 ||    12
       Potion            |       |     3 |       ||     3
 Stab: Sleeping          |     1 |     1 |     1 ||     3
  Eat: Chunk             |     3 |     7 |     3 ||    13
       Ration            |       |       |     1 ||     1
Armor: Leather armour    |    38 |    31 |    20 ||    89
Dodge: Dodged            |    95 |    84 |    61 ||   240
